 Dungeon Crawl Stone Soup version 0.22-a0-812-g4c1e2d5471 (webtiles) character file.

114 KristianNielsen the Covered (level 4, -1/29 HPs)
             Began as a Gargoyle Fighter on July 23, 2018.
             Killed from afar by Natasha (7 damage)
             ... with a magic dart
             ... on level 3 of the Dungeon.
             The game lasted 00:06:02 (2028 turns).

KristianNielsen the Covered (Gargoyle Fighter)      Turns: 2028, Time: 00:06:03

Health: -1/29      AC: 10    Str: 21    XL:     4   Next: 98%
Magic:  4/4        EV: 10    Int:  8    God:
Gold:   104        SH:  9    Dex:  9    Spells: 3/3 levels left

rFire    . . .     SeeInvis .   a - +0 flail
rCold    . . .     Gourm    .   c - +0 shield
rNeg     + . .     Faith    .   b - +0 scale mail
rPois    ∞         Spirit   .   (no helmet)
rElec    +         Reflect  .   (no cloak)
rCorr    .         Harm     .   (no gloves)
MR       .....                  (no boots)
Stlth    ..........             (no amulet)
HPRegen  0.09/turn              p - +3 ring of evasion
MPRegen  0.09/turn              (no ring)

@: no status effects
A: negative energy resistance 1, electricity resistance, unbreathing,
petrification resistance, rot immunity, AC +3
a: no special abilities


You were on level 3 of the Dungeon.
You were not hungry.

You visited 1 branch of the dungeon, and saw 3 of its levels.

You collected 104 gold pieces.

Inventory:

Hand Weapons
 a - a +0 flail (weapon)
Missiles
 i - 20 bolts
 s - 4 tomahawks (quivered)
 t - 70 arrows
Armour
 b - a +0 scale mail (worn)
 c - a +0 shield (worn)
 w - a scarf of spirit shield
Jewellery
 p - a +3 ring of evasion (left hand)
 u - an uncursed ring of wizardry {unknown}
Scrolls
 e - a scroll of teleportation {unknown}
 h - a scroll of amnesia {unknown}
 k - 2 scrolls of remove curse
 q - a scroll of fog {unknown}
 r - a scroll of noise {unknown}
 v - 2 scrolls of magic mapping {unknown}
Potions
 d - a potion of might
 g - a potion of flight {unknown}
 l - a potion of lignification
 n - a potion of heal wounds {unknown}
 o - 2 potions of curing
Comestibles
 f - 2 rations
 m - 6 chunks of flesh


   Skills:
 + Level 4.0 Fighting
 * Level 3.5 Maces & Flails
 + Level 4.0 Armour
 + Level 3.9 Shields


You had 3 spell levels left.
You didn't know any spells.
Your spell library was empty.

Dungeon Overview and Level Annotations

Branches:
Dungeon (3/15)

Altars:
Ru
Zin

Annotations:
D:3 Natasha


Innate Abilities, Weirdness & Mutations

You are resistant to torment.
Your stone body is resilient. (AC +3)
You are immune to poison.
You resist negative energy. (rN+)
You are resistant to electric shocks. (rElec)
You can survive without breathing.
You are immune to petrification.
You are immune to rotting.


Message History

Natasha is severely wounded.
Natasha claws you but does no damage.
You hit Natasha.
Natasha is severely wounded.
You block Natasha's attack. Natasha claws you but does no damage.
Your shield and scale mail prevent you from hitting Natasha.
Natasha is severely wounded.
Natasha closely misses you.
You miss Natasha.
Natasha is severely wounded.
Natasha casts a spell at you. The magic dart hits you!
The iron imp puffs mist at you.
You hit Natasha.
Natasha is almost dead.
Natasha claws you.
* * * LOW HITPOINT WARNING * * *
Natasha stares at you and mumbles some strange words.
The magic dart hits you!
You die...

#...#........ #...#.###.###
######### #...#.# #.... ........#
#...#.# #.##. ........#
#.....###.##. #............#
#....##...... .............#
##.#.........
.............#########.#..#.#....
....(.........5h@.............#.#
.............##########...#.##...
.............# #...#......
.............# ##..####..#
#..<)........######### #.># #..#
#..................... ##.####..#
#..................... #........#
#.###.#.####.......... #........#
#. .#............... #........#


You could see an iron imp and Natasha.

Vanquished Creatures
  A gnoll (D:1)
  2 adders
  An ooze (D:2)
  6 dart slugs
  4 leopard geckos
  An orc (D:3)
  11 bats
  2 giant cockroaches
  4 goblins
  8 hobgoblins
  2 jackals (D:3)
  9 kobolds
  A quokka (D:2)
  4 frilled lizards
  11 rats
67 creatures vanquished.

Notes
Turn   | Place    | Note
-------+----------+-------------------------------------------
     0 | D:1      | KristianNielsen the Gargoyle Fighter began the quest for the Orb.
     0 | D:1      | Reached XP level 1. HP: 14/14 MP: 1/1
    99 | D:1      | Reached XP level 2. HP: 15/19 MP: 2/2
   220 | D:1      | Reached XP level 3. HP: 19/23 MP: 3/3
   903 | D:2      | Reached XP level 4. HP: 25/29 MP: 4/4
   950 | D:2      | Found a sacrificial altar of Ru.
  1404 | D:2      | Found a glowing silver altar of Zin.
  2000 | D:3      | Noticed Natasha
  2028 | D:3      | Killed from afar by Natasha

Vault maps used:
D:1:      tarquinn_simple_flora_water_d, minivault_5
D:2:      marbit_many_paths, zin_statuary, minivault_11
D:3:      lemuel_doored_altar, uniq_natasha

Skill      XL: |  1  2  3  4 |
---------------+-------------+-----
Maces & Flails | 3 |  3.5
Armour         | 4 |  4.0
Fighting       | 4 |  4.0
Shields        | |  3.9

Action                   |  1- 3 |  4- 6 || total
-------------------------+-------+-------++-------
Melee: Flail             |   139 |   129 ||   268
  Use: Scroll            |     2 |     1 ||     3
       Potion            |       |     1 ||     1
  Eat: Chunk             |       |     4 ||     4
Armor: Scale mail        |   110 |    47 ||   157
Dodge: Dodged            |    79 |    51 ||   130
Block: Shield            |    97 |    56 ||   153

Table legend:
 A = Spawn XP
 B = Non-spawn XP
 C = Spawn XP percentage of total XP
 D = Spawn monster count
 E = Non-spawn monster count
 F = Spawn count percentage of total count
 G = Total turns spent on level
                    A         B        C        D         E        F      G
               +---------+---------+-------+---------+---------+-------+---------
         Total |       0 |     164 |   0.0 |       0 |      67 |   0.0 |  2028
               +---------+---------+-------+---------+---------+-------+---------
           D:1 |       0 |      66 |   0.0 |       0 |      29 |   0.0 |   708
           D:2 |       0 |      61 |   0.0 |       0 |      24 |   0.0 |   887
           D:3 |       0 |      37 |   0.0 |       0 |      14 |   0.0 |   433
               +---------+---------+-------+---------+---------+-------+---------
